 Dungeon Crawl Stone Soup version 0.29.1-2-gbd0b4ee654 (webtiles) character file.

Game seed: 13865759089224512461

9616 NinjaNoafa the Severer (level 11, -2/82 (99) HPs)
             Began as a Minotaur Fighter on Nov 17, 2022.
             Was an Initiate of Gozag.
             Slain by a spectral orc warrior
             ... wielding a +0 battleaxe
             ... summoned by Nergalle
              (15 damage)
             ... on level 1 of the Lair of Beasts.
             The game lasted 00:19:05 (12812 turns).

NinjaNoafa the Severer (Minotaur Fighter)          Turns: 12812, Time: 00:19:05

HP:   -2/82 (99)    AC: 16    Str: 24      XL:     11   Next: 25%
MP:   10/10         EV: 21    Int:  2 (4)  God:    Gozag
Gold: 683           SH: 12    Dex: 20      Spells: 10/10 levels left

rFire   . . .      SeeInvis +   s - +5 hand axe (venom)
rCold   . . .      Faith    .   N - +0 kite shield
rNeg    . . .      Spirit   .   e - +0 plate armour {Will+}
rPois   .          Reflect  .   (helmet unavailable)
rElec   .          Harm     +   f - +0 cloak
rCorr   +          Rampage  .   (no gloves)
Will    ++...                   q - +0 pair of boots
Stlth   ..........              P - amulet "Kotukhl Rocu" {Acrobat Contam Harm rCorr Dex+4}
HPRegen 0.23/turn               w - ring of see invisible
MPRegen 0.12/turn               y - ring of willpower

@: about to teleport, acrobatic, studying Fighting, heavily drained
A: horns 3, retaliatory headbutt, hooves 1, thin skeletal structure 1, agile 1
a: Renounce Religion, Potion Petition, Call Merchant, Bribe Branch


You were on level 1 of the Lair of Beasts.
You worshipped Gozag.
Gozag was pleased with you.
You visited 3 branches of the dungeon, and saw 12 of its levels.
You also visited: Ossuary.

You collected 1427 gold pieces.
You spent 635 gold pieces at shops.
You paid 109 gold pieces to Gozag.

Inventory:

Hand Weapons
 s - a +5 hand axe of venom (weapon)
Missiles
 n - 89 stones
 o - 4 boomerangs
 p - 19 poisoned darts
 H - a throwing net
 M - 18 silver boomerangs (quivered)
 Q - a curare-tipped dart
Armour
 e - a +0 plate armour of willpower (worn)
 f - a +0 cloak (worn)
 q - a +0 pair of boots (worn)
 N - a +0 kite shield (worn)
Jewellery
 h - a ring of ice
 w - a ring of see invisible (left hand)
 y - a ring of willpower (right hand)
 P - the amulet "Kotukhl Rocu" (around neck) {Acrobat Contam Harm rCorr Dex+4}
   (You bought it in a shop on level 1 of the Dungeon)

   [amulet of the acrobat]

   It increases your evasion while moving and waiting.
   Dex:       It affects your dexterity (+4).
   Contam:    It causes magical contamination when unequipped.
   rCorr:     It protects you from acid and corrosion.
   Harm:      It increases damage dealt and taken.
Wands
 z - a wand of charming (4)
 B - a wand of polymorph (5)
 C - a wand of quicksilver (7)
 D - a wand of iceblast (3)
 K - a wand of mindburst (3)
Scrolls
 a - 2 scrolls of teleportation
 d - a scroll of noise
 i - 4 scrolls of poison
 t - 2 scrolls of brand weapon {unknown}
 u - 7 scrolls of identify {unknown}
 x - 2 scrolls of vulnerability {unknown}
 A - 3 scrolls of blinking {unknown}
 I - 2 scrolls of fear {unknown}
 J - a scroll of acquirement {unknown}
 O - a scroll of torment {unknown}
Potions
 c - a potion of berserk rage
 g - 10 potions of might
 j - 2 potions of mutation
 k - a potion of cancellation {unknown}
 m - 2 potions of curing
 v - 3 potions of degeneration
 E - a potion of heal wounds
 F - a potion of magic {unknown}
 G - 3 potions of brilliance {unknown}
 L - a potion of haste {unknown}


   Skills:
 - Level 10.0 Fighting
 - Level 16.0 Axes
 * Level 8.7 Armour
 * Level 9.9 Shields
 + Level 0.3 Evocations


You had 10 spell levels left.
You didn't know any spells.
Your spell library contained the following spells:

 Spells                   Type           Power      Damage    Failure   Level
 Foxfire                  Conj/Fire      0%         2x1d4     100%        1
 Sandblast                Erth           0%         2d4       100%        1
 Ensorcelled Hibernation  Hex/Ice        0%         N/A       100%        2
 Passwall                 Tmut/Erth      0%         N/A       100%        2
 Static Discharge         Conj/Air       0%         3-3/arc   100%        2
 Gell's Gravitas          Tloc           0%         N/A       100%        3
 Ignite Poison            Fire/Tmut/Pois 0%         N/A       100%        3
 Mephitic Cloud           Conj/Pois/Air  0%         N/A       100%        3
 Stone Arrow              Conj/Erth      0%         3d7       100%        3
 Swiftness                Air            0%         N/A       100%        3
 Teleport Other           Tloc           0%         N/A       100%        3
 Freezing Cloud           Conj/Ice/Air   0%         6-21      100%        5
 Lightning Bolt           Conj/Air       0%         1d11      100%        5
 Dispersal                Tloc           0%         N/A       100%        6
 Malign Gateway           Summ/Tloc      0%         N/A       100%        7
 Maxwell's Capacitive Co  Air            0%         ∞         100%        8
 Fire Storm               Conj/Fire      0%         5d1       100%        9


Dungeon Overview and Level Annotations

Branches:
Dungeon (10/15)            Temple (1/1) D:6            Lair (1/5) D:9
    Orc (0/2) D:10        Ossuary (visited)

Altars:
Ashenzari
Cheibriados
Dithmenos
Elyvilon
Fedhas
Gozag
Hepliaklqana
Kikubaaqudgha
Makhleb
Nemelex Xobeh
Okawaru
Qazlal
Ru
Sif Muna
Trog
Uskayaw
Vehumet
Wu Jian
Xom
Yredelemnul
Zin
The Shining One

Shops:
D:1 =   D:6 (

Annotations:
Lair:1 exclusion: 2 oklob plants, Nergalle


Innate Abilities, Weirdness & Mutations

You have a pair of large horns on your head.
You reflexively headbutt those who attack you in melee.
You have large cloven feet.
You have a somewhat thin skeletal structure. (Dex +2, Stealth+)
You are agile. (Dex +4, Str/Int -1)


Message History

You feel drained. The spectral orc knight hits you!
* * * LOW HITPOINT WARNING * * *
You feel drained.
* * * LOW HITPOINT WARNING * * *
Nergalle hits you but does no damage.
You block the spectral orc warrior's attack. x2
The spectral orc hits you but does no damage.
You feel much better.
The spectral orc warrior hits you but does no damage.
You block the spectral orc warrior's attack.
The spectral orc knight hits you but does no damage.
You block Nergalle's attack.
The spectral orc warrior hits you with a +0 halberd.
* * * LOW HITPOINT WARNING * * *
The spectral orc closely misses you.
You block the spectral orc warrior's attack.
You barely miss Nergalle.
Nergalle is moderately wounded.
You hit the spectral orc warrior but do no damage. x3
You hit the spectral orc knight. You slash the spectral orc!
You destroy the spectral orc!
The spectral orc disappears in a puff of smoke!
You hit the spectral orc warrior.
You barely miss the spectral orc warrior.
The spectral orc warrior is no longer distracted by gold.
You block the spectral orc warrior's attack. x2
The spectral orc warrior barely misses you.
You furiously retaliate!
You headbutt the spectral orc warrior. The spectral orc knight hits you!
* * * LOW HITPOINT WARNING * * *
Nergalle attacks as you move away! You block Nergalle's attack.
You block the spectral orc warrior's attack.
The spectral orc closely misses you. You furiously retaliate!
You headbutt the spectral orc!
You destroy the spectral orc!
The spectral orc disappears in a puff of smoke!
The spectral orc warrior barely misses you.
The spectral orc warrior hits you with a +0 battleaxe!
You die...
Your body crumbles into a pile of gold.

.# .###P.# ...##.# .. .#
# ###.##.# ..#.# ...
#......#### ###.#.#
#...#..Z.Z.P#.####......
#......ZZZZ.............
#.#...§@oZZ..#..........
#...#..ZZZZ$.# #.......#
# #.#######.## #.....##
#.#####.!# #.......
#.#.#.### #.######
#...### #.## ##....#
#..# ####.# ##.###
#.#####....#


You could see Nergalle, 3 spectral orcs, 5 spectral orc warriors and 4 spectral
orc knights.

Vanquished Creatures
  A black mamba (Lair:1)
  A torpor snail (Lair:1)
  Maggie (D:6)
  2 cane toads (Lair:1)
  2 kobold demonologists (D:10)
  A komodo dragon (Lair:1)
  A troll (D:9)
  A hornet (D:10)
  Prince Ribbit (D:8)
  Grinder (D:3)
  9 yaks
  A wraith (Ossuary)
  3 steam dragons
  3 vampire mosquitoes (D:10)
  Menkaure (D:6)
  A water moccasin (D:9)
  2 ice beasts
  3 orc warriors
  4 black bears
  An ogre (D:6)
  3 wolves (Lair:1)
  2 phantoms (D:5)
  7 centaurs
  5 kobold brigands
  4 bullfrogs
  2 gnoll sergeants
  A necrophage (D:5)
  3 scorpions
  4 wights (D:8)
  3 killer bees
  6 howler monkeys
  5 hounds
  2 jellies
  A gnoll bouda (D:3)
  3 iguanas
  2 orc priests
  6 orc wizards
  A mummy (Ossuary)
  Robin (D:2)
  23 gnolls
  6 adders
  A shadow imp (D:6)
  An ufetubus (D:5)
  3 worms
  4 dart slugs
  26 orcs
  8 ball pythons
  5 bats
  5 bat zombies (D:8)
  3 endoplasms (D:1)
  5 giant cockroaches
  10 goblins
  9 hobgoblins
  3 jackals (D:1)
  6 quokkas
  4 frilled lizards
  7 gnoll skeletons (Ossuary)
  8 kobolds
  A kobold skeleton (Ossuary)
  17 orc skeletons (Ossuary)
  6 rats
  2 rat zombies (D:8)
264 creatures vanquished.

Vanquished Creatures (others)
  An orc (D:9)
  4 fungi (Lair:1)
  9 plants (Lair:1)
14 creatures vanquished.

Grand Total: 278 creatures vanquished

Notes
Turn   | Place    | Note
-------+----------+-------------------------------------------
     0 | D:1      | NinjaNoafa the Minotaur Fighter began the quest for the
                  | Orb.
     0 | D:1      | Reached XP level 1. HP: 19/19 MP: 0/0
    94 | D:1      | Reached skill level 3 in Axes
   173 | D:1      | Found Puqidur's Jewellery Shoppe.
   218 | D:1      | Reached XP level 2. HP: 25/26 MP: 1/1
   468 | D:1      | Reached skill level 4 in Axes
   662 | D:1      | Reached XP level 3. HP: 31/31 MP: 2/2
  1152 | D:2      | Found a faded altar of an unknown god.
  1297 | D:2      | Noticed Robin
  1309 | D:2      | Killed Robin
  1310 | D:2      | Reached skill level 5 in Axes
  2000 | D:3      | Noticed Grinder
  2011 | D:3      | Killed Grinder
  2012 | D:3      | Reached skill level 7 in Axes
  2012 | D:3      | Reached XP level 4. HP: 4/39 MP: 3/3
  2012 | D:3      | Reached XP level 5. HP: 5/45 MP: 4/4
  2368 | D:3      | Reached XP level 6. HP: 41/51 MP: 5/5
  2377 | D:3      | Reached skill level 8 in Axes
  3366 | D:4      | Reached skill level 9 in Axes
  3712 | D:4      | Found a radiant altar of Vehumet.
  3761 | D:4      | Reached XP level 7. HP: 46/57 MP: 6/6
  3911 | D:4      | Found a bloodstained altar of Trog.
  4202 | D:5      | Entered Level 5 of the Dungeon
  4516 | D:5      | Reached skill level 10 in Axes
  4663 | D:5      | Found a sand-covered staircase.
  4769 | Ossuary  | Entered an ossuary
  4769 | Ossuary  | Noticed a wraith
  4769 | Ossuary  | Noticed a wraith
  4769 | Ossuary  | Noticed a wraith
  4863 | Ossuary  | Noticed a wraith
  4888 | Ossuary  | Killed a wraith
  4889 | Ossuary  | Reached skill level 11 in Axes
  4889 | Ossuary  | Reached XP level 8. HP: 59/64 MP: 7/7
  5274 | D:5      | Reached skill level 12 in Axes
  5862 | D:6      | Found a sparkling altar of Nemelex Xobeh.
  5973 | D:6      | Reached skill level 13 in Axes
  5989 | D:6      | Found Cufah's Weapon Shop.
  6267 | D:6      | Found a staircase to the Ecumenical Temple.
  6273 | D:6      | Noticed Menkaure
  6274 | D:6      | Noticed Maggie
  6287 | D:6      | Killed Menkaure
  6289 | D:6      | Killed Maggie
  6290 | D:6      | Reached skill level 14 in Axes
  6290 | D:6      | Reached XP level 9. HP: 49/70 MP: 8/8
  6329 | Temple   | Entered the Ecumenical Temple
  6563 | Temple   | Became a worshipper of Gozag Ym Sagoz the Greedy
  6628 | D:6      | Found a hide-covered altar of Uskayaw.
  7225 | D:7      | Reached skill level 15 in Axes
  8018 | D:8      | Noticed Prince Ribbit
  8046 | D:8      | Killed Prince Ribbit
  8047 | D:8      | Reached skill level 16 in Axes
  8161 | D:8      | Found an ancient bone altar of Kikubaaqudgha.
  8296 | D:8      | Reached skill level 5 in Fighting
  8378 | D:8      | Reached skill level 5 in Armour
  8388 | D:8      | Reached XP level 10. HP: 49/86 MP: 4/9
  8783 | D:8      | Found a large runed translucent door.
  8784 | D:8      | Found a large runed translucent door.
  8894 | D:8      | Found a broken altar of Ashenzari.
  9035 | D:8      | Found a glowing silver altar of Zin.
  9048 | D:8      | Found a sacrificial altar of Ru.
  9217 | D:9      | Reached skill level 5 in Shields
  9244 | D:10     | Entered Level 10 of the Dungeon
 10058 | D:9      | Noticed a death yak
 10058 | D:9      | Noticed a death yak
 10197 | D:9      | Found a shimmering altar of Xom.
 10239 | D:9      | Got the Lectures on the Harmful Voyage
 10284 | D:9      | Noticed a death yak
 10284 | D:9      | Noticed a death yak
 10285 | D:9      | Noticed a death yak
 10297 | D:9      | Gained mutation: You are agile. (Dex +4, Str/Int -1)
                  | [potion of mutation]
 10297 | D:9      | Gained mutation: You have large cloven feet. [potion of
                  | mutation]
 10297 | D:9      | Gained mutation: You have a pair of large horns on your
                  | head. [potion of mutation]
 10297 | D:9      | Gained mutation: You have a somewhat thin skeletal
                  | structure. (Dex +2, Stealth+) [potion of mutation]
 10716 | D:1      | Bought the amulet "Kotukhl Rocu" {Acrobat Contam Harm rCorr
                  | Dex+4} for 635 gold pieces
 11372 | D:10     | Paralysed by a hornet for 2 turns
 11586 | D:10     | Reached skill level 10 in Fighting
 11873 | D:9      | Found a staircase to the Lair.
 12082 | D:10     | Reached XP level 11. HP: 89/99 MP: 10/10
 12173 | D:10     | Found a staircase to the Orcish Mines.
 12235 | Lair:1   | Entered Level 1 of the Lair of Beasts
 12235 | Lair:1   | Noticed an oklob plant
 12735 | Lair:1   | Noticed an oklob plant
 12792 | Lair:1   | Noticed Nergalle
 12812 | Lair:1   | Slain by a spectral orc warrior

Illustrated notes

Levels and vault maps discovered:
D:1:      amcnicky_arrival_feature_with_door, layout_loops_corners,
          serial_shops, shop, roderic_lattice_a
D:2:      layout_loops_ring, ebering_ecumenical_altar_mist, uniq_robin
D:3:      layout_loops_ring, grunt_ministairs_3, kennysheep_path_1,
          minmay_parallelograms, amcnicky_mini_pool_small, uniq_grinder
D:4:      layout_loops_ring, lemuel_crystal_altar, lemuel_coloured_pillars_altar
D:5:      layout_loops_ring, enter_ossuary_1
D:6:      layout_gridville, general_overflow_altar, amcnicky_altar_gilded,
          minmay_temple_entry_glass, serial_shops,
          nicolae_shop_bloodbath_and_beyond, uniq_menkaure, uniq_maggie
D:7:      layout_cave_pods, minmay_misc_feat_alley, serial_bayou_pond_a
D:8:      layout_loops_ring, lemuel_zombie_altar_kikubaaqudgha,
          kennysheep_little_box, jmf_multi_god_temple2,
          minmay_unpleasant_kobolds, uniq_prince_ribbit1
D:9:      layout_small_grid, tgw_xom, dpeg_lair_monsters
D:10:     layout_gridville, orc_0_dummy, centaur_isle
Temple:   hellmonk_temple_forest_ring
Lair:1:   beast_lair_carwin_large_1, layout_loops_ring,
          hellmonk_ghost_happy_afterlife, dpeg_stationary_puzzle, uniq_nergalle

Skill      XL: |  1  2  3  4  5  6  7  8  9 10 11 |
---------------+----------------------------------+-----
Axes           | 3 4 7 9 11 14 16 | 16.0
Fighting       | 7 10 | 10.0
Armour         | 5 7 8 |  8.7
Shields        | 8 9 |  9.9
Evocations     | |  0.3

Action                   |  1- 3 |  4- 6 |  7- 9 | 10-12 || total
-------------------------+-------+-------+-------+-------++-------
Melee: War axe           |    74 |    37 |       |       ||   111
       Headbutt          |     5 |    14 |    56 |    51 ||   126
       Hand axe          |       |    61 |   307 |   205 ||   573
Throw: Boomerang         |       |       |    11 |       ||    11
Evoke: Wand              |       |       |       |     8 ||     8
  Use: Potion            |     3 |       |     3 |     7 ||    13
       Scroll            |       |       |       |     9 ||     9
 Stab: Distracted        |       |       |     2 |       ||     2
Armor: Scale mail        |     7 |       |       |       ||     7
       Plate armour      |    57 |    54 |   152 |   126 ||   389
Dodge: Dodged            |    27 |    23 |    95 |    95 ||   240
Block: Buckler           |    22 |    17 |    62 |     5 ||   106
       Kite shield       |       |       |       |   161 ||   161
